AoeStats
← iamlegolas312

Yucatan

510711178Analyzed
4v4 RM · 13h ago on Oct 2, 2026· 52m 25s· 8 players
Game mode
Random Map
Map size
Large (8 player)
Population
200
Speed
Normal
Resources
Standard
Victory
Conquest
Starting age
Dark Age
Ending age
Imperial Age
RankedLock teamsTeams togetherTeam positionsShared explorationLock speedFull tech treeHidden civsTurbo modeCheats
Victory
Defeat
🇪🇸 Mongols · Spain
820
+12
🇨🇦 Spanish · Canada
743
+15
🇲🇽 Huns · Mexico
699
+17
🇺🇸 Sicilians · United States
608
+20
🇮🇳 Britons · India
854
-22
🇮🇳 Khmer · India
809
-20
🇨🇳 Burgundians · China
617
-12
🇦🇺 Slavs · Australia
572
-10
isthisthingon
12:16 Feudal Age
13:09 Loom
14:12 Horse Collar
19:16 Arson
22:36 Double-Bit Axe
25:35 Castle Age
24:21 Forging
28:30 Heavy Plow
30:25 Bow Saw
30:51 Gold Mining
35:10 Gold Shaft Mining
38:01 Pikeman
38:41 Squires
41:52 Imperial Age
40:44 Wheelbarrow
39:58 Town Watch
40:24 Stone Mining
41:54 Halberdier
42:17 Capped Ram
43:31 Elite Serjeant
Azteca Beleren
0:32 Loom
12:56 Feudal Age
13:24 Double-Bit Axe
13:22 Horse Collar
19:57 Castle Age
19:34 Stone Mining
21:09 Bow Saw
21:01 Heavy Plow
35:49 Imperial Age
34:52 Husbandry
35:03 Bloodlines
35:00 Marauders
36:56 Conscription
37:16 Wheelbarrow
37:49 Two-Man Saw
36:46 Gold Mining
37:38 Atheism
38:18 Elite Tarkan
40:00 Gold Shaft Mining
39:44 Forging
41:30 Iron Casting
41:01 Scale Barding Armor
41:41 Hand Cart
43:53 Blast Furnace
43:55 Chain Barding Armor
47:31 Plate Barding Armor
48:18 Chemistry
47:39 Ballistics
47:31 Masonry
47:17 Murder Holes
48:47 Fletching
51:16 Heavy Cavalry Archer
52:24 Parthian Tactics
Leeroy Jenkins 2012
1:47 Loom
12:22 Feudal Age
13:10 Town Watch
16:48 Castle Age
16:26 Stone Mining
16:27 Gold Mining
16:20 Horse Collar
17:17 Scale Barding Armor
17:24 Forging
18:44 Double-Bit Axe
19:42 Wheelbarrow
20:22 Stone Shaft Mining
26:54 Heavy Plow
31:09 Hand Cart
30:56 Town Patrol
31:23 Bow Saw
32:44 Caravan
34:43 Fletching
35:29 Iron Casting
34:54 Scale Mail Armor
36:02 Fervor
38:38 Imperial Age
36:46 Ballistics
36:37 Masonry
36:24 Murder Holes
36:40 Fortified Wall
36:21 Guard Tower
39:36 Sanctity
39:12 Herbal Medicine
39:57 Conscription
39:58 Supremacy
39:38 Inquisition
39:00 Elite Conquistador
40:15 Hoardings
39:11 Sappers
40:44 Redemption
45:12 Chain Mail Armor
45:57 Blast Furnace
44:52 Bodkin Arrow
45:18 Chain Barding Armor
44:58 Padded Archer Armor
46:16 Chemistry
45:47 Architecture
45:54 Keep
45:05 Arrowslits
46:18 Coinage
45:59 Guilds
49:04 Bloodlines
48:55 Husbandry
48:16 Cavalier
50:28 Two-Man Saw
52:19 Spies/Treason
fer_es_merengue9
11:40 Feudal Age
13:04 Double-Bit Axe
14:21 Loom
14:51 Horse Collar
18:37 Castle Age
17:01 Gold Mining
17:04 Stone Mining
19:39 Bow Saw
20:52 Heavy Plow
26:19 Fletching
29:59 Thumb Ring
31:40 Bodkin Arrow
31:46 Padded Archer Armor
31:18 Elite Skirmisher
33:44 Nomads
34:53 Leather Archer Armor
36:29 Murder Holes
36:55 Ballistics
39:36 Fortified Wall
39:55 Forging
39:50 Scale Barding Armor
42:05 Masonry
48:18 Imperial Age
47:02 Town Watch
47:53 Wheelbarrow
50:16 Bracer
51:37 Chemistry
51:29 Gold Shaft Mining
51:20 Conscription
52:13 Hand Cart
51:59 Town Patrol
52:53 Parthian Tactics
湛叔
1:11 Loom
8:13 Wheelbarrow
13:09 Feudal Age
14:35 Double-Bit Axe
14:50 Horse Collar
16:47 Heavy Plow
17:03 Bow Saw
17:14 Hand Cart
18:13 Gold Mining
18:13 Stone Mining
25:07 Castle Age
25:07 Stone Shaft Mining
25:07 Gold Shaft Mining
24:52 Scale Barding Armor
24:47 Scale Mail Armor
24:57 Forging
26:44 Crop Rotation
28:12 Two-Man Saw
29:34 Chain Mail Armor
29:54 Iron Casting
29:39 Chain Barding Armor
29:30 Husbandry
29:06 Man-at-Arms
29:07 Pikeman
29:47 Squires
37:37 Imperial Age
35:33 Burgundian Vineyards
35:24 Long Swordsman
35:52 Arson
39:15 Elite Coustillier
39:29 Flemish Revolution
40:21 Conscription
39:33 Two-Handed Swordsman
41:22 Blast Furnace
40:52 Plate Mail Armor
40:57 Plate Barding Armor
40:57 Plate Mail Armor
42:00 Treadmill Crane
42:19 Murder Holes
42:15 Arrowslits
42:21 Guard Tower
43:26 Fortified Wall
42:45 Champion
Brown Sugar
7:03 Loom
16:54 Feudal Age
20:38 Castle Age
19:06 Gold Mining
19:38 Double-Bit Axe
20:14 Horse Collar
21:48 Bow Saw
21:55 Heavy Plow
24:58 Forging
24:53 Scale Barding Armor
25:32 Stone Mining
26:22 Gold Shaft Mining
26:43 Scale Barding Armor
27:51 Wheelbarrow
28:11 Chain Barding Armor
28:42 Iron Casting
30:02 Bloodlines
29:52 Husbandry
32:55 Hand Cart
38:50 Imperial Age
38:57 Town Watch
39:13 Scale Mail Armor
39:04 Fletching
39:16 Padded Archer Armor
40:19 Conscription
iamlegolas312
0:27 Loom
11:33 Feudal Age
12:09 Double-Bit Axe
13:57 Gold Mining
18:54 Castle Age
18:01 Fletching
18:12 Padded Archer Armor
18:20 Stone Mining
18:35 Horse Collar
19:46 Forging
19:34 Crossbowman
20:14 Bodkin Arrow
19:44 Pikeman
21:23 Gold Shaft Mining
22:45 Horse Collar
26:27 Leather Archer Armor
32:34 Heavy Plow
33:34 Wheelbarrow
32:46 Town Watch
33:45 Bow Saw
34:15 Iron Casting
35:16 Yeomen
36:01 Squires
36:28 Hand Cart
40:37 Imperial Age
41:49 Conscription
42:30 Elite Longbowman
43:31 Bracer
darockstar686
10:38 Feudal Age
16:42 Castle Age
18:28 Stone Mining
18:35 Light Cavalry
19:19 Husbandry
28:55 Horse Collar
29:09 Double-Bit Axe
30:52 Wheelbarrow
30:46 Loom
31:07 Heavy Plow
31:20 Bow Saw
31:47 Gold Mining
32:34 Hand Cart
34:10 Caravan
35:04 Gold Shaft Mining
35:05 Stone Shaft Mining
37:18 Tusk Swords
40:41 Fletching
Connection lost

Rejoining the realm…

Still unreachable

The connection could not be restored.

Session expired

The server has moved on; the page needs a fresh start.